 Dungeon Crawl Stone Soup version 0.23-a0-54-gae6112e (webtiles) character file.

140 galech the Thaumaturge (level 5, -9/37 HPs)
             Began as a Gnoll Wanderer on Aug 8, 2018.
             Killed by divine providence
             ... invoked by an orc priest
              (13 damage)
             ... on level 3 of the Dungeon.
             The game lasted 00:04:48 (2361 turns).

galech the Thaumaturge (Gnoll Wanderer)             Turns: 2361, Time: 00:04:50

Health: -9/37      AC:  5    Str: 16    XL:     5   Next: 23%
Magic:  16/16      EV: 11    Int: 17    God:
Gold:   96         SH:  7    Dex: 15    Spells: 21/22 levels left

rFire    . . .     SeeInvis .   k - +0 mace
rCold    . . .     Gourm    .   s - +2 buckler
rNeg     . . .     Faith    .   b - +0 ring mail
rPois    .         Spirit   .   (no helmet)
rElec    .         Reflect  .   c - scarf {cloud immunity}
rCorr    .         Harm     .   (no gloves)
MR       .....                  (no boots)
Stlth    +.........             (no amulet)
HPRegen  0.12/turn              o - +4 ring of intelligence
MPRegen  0.15/turn              h - ring of flight

@: no status effects
A: distributed training, fangs 1, strong nose
a: Evoke Flight


You were on level 3 of the Dungeon.
You were not hungry.

You visited 1 branch of the dungeon, and saw 3 of its levels.

You collected 96 gold pieces.

Inventory:

Hand Weapons
 e - a +0 club
 k - a +0 mace (weapon)
Armour
 a - a +0 shield
 b - a +0 ring mail (worn)
 c - a scarf of cloud immunity (worn)
 s - a +2 buckler (worn)
Jewellery
 h - a ring of flight (right hand)
 o - a +4 ring of intelligence (left hand)
Scrolls
 d - 2 scrolls of remove curse {unknown}
 j - a scroll of fog {unknown}
 m - a scroll of enchant armour {unknown}
 r - a scroll of fear {unknown}
Potions
 i - a potion of curing {unknown}
 l - a potion of lignification {unknown}
 n - a potion of haste
 p - 2 potions of agility {unknown}
 q - a potion of might {unknown}
Comestibles
 f - 4 rations


   Skills:
 + Level 1.4 Fighting
 + Level 1.4 Short Blades
 + Level 1.4 Long Blades
 + Level 1.4 Axes
 + Level 1.4 Maces & Flails
 + Level 1.4 Polearms
 + Level 1.4 Staves
 + Level 1.4 Slings
 + Level 1.4 Bows
 + Level 1.4 Crossbows
 + Level 1.4 Throwing
 + Level 1.4 Armour
 + Level 1.4 Dodging
 + Level 1.4 Stealth
 + Level 2.9 Shields
 + Level 1.4 Unarmed Combat
 + Level 9.3 Spellcasting
 + Level 1.1 Conjurations
 + Level 1.1 Hexes
 + Level 1.1 Charms
 + Level 1.1 Summonings
 + Level 2.3 Necromancy
 + Level 3.9 Translocations
 + Level 1.1 Transmutations
 + Level 1.1 Fire Magic
 + Level 1.1 Ice Magic
 + Level 1.1 Air Magic
 + Level 1.1 Earth Magic
 + Level 2.3 Poison Magic
 + Level 1.5 Invocations
 + Level 2.9 Evocations


You had 21 spell levels left.
You knew the following spells:

 Your Spells              Type           Power        Failure   Level  Hunger
a - Flame Tongue          Conj/Fire      ##...        12%         1    None

Your spell library contained the following spells:

 Spells                   Type           Power        Failure   Level  Hunger
 Ignite Poison            Fire/Tmut/Pois ##......     30%         3    None
 Dazzling Spray           Conj/Hex       ##....       36%         3    None


Dungeon Overview and Level Annotations

Branches:
Dungeon (3/15)

Altars:
Elyvilon
Gozag
Uskayaw
Vehumet
The Shining One


Innate Abilities, Weirdness & Mutations

Your experience applies equally to all skills.
You have very sharp teeth.
Your uncanny sense of smell can sniff out nearby items.


Message History

You bite the orc priest, but do no damage.
The orc priest is severely wounded.
The orc priest looks encouraged for a moment.
The leopard gecko misses you.
The orc priest calls down the wrath of Beogh upon you.
Beogh smites you! The leopard gecko bites you.
You miss the leopard gecko. The leopard gecko misses you.
You barely miss the leopard gecko.
The leopard gecko bites you but does no damage.
The orc priest mumbles some strange prayers to Beogh against you.
Beogh smites you!
* * * LOW HITPOINT WARNING * * *
The leopard gecko bites you.
* * * LOW HITPOINT WARNING * * *
The leopard gecko barely misses you.
You see here a flail.
The orc priest invokes the aid of Beogh against you.
Beogh smites you!
You die...

# ∆ ################# ...
.........>g....#....
#.......###.#...... ∆
+........K.(.......
#.#####....o.o#####......
#.......@l.)o.#.. #....
######.#######. ...
##.#.#.# #.. . .....#'##
#.# #.......####.#
..............#
#.............#
+..........)..#
#.............## ∆


You could see an orc priest, 2 orcs, a leopard gecko, a goblin and a kobold.

Vanquished Creatures
  A hound (D:3)
  A worker ant (D:2)
  An adder (D:2)
  An ooze (D:1)
  A worm (D:2)
  3 dart slugs
  2 orcs (D:3)
  2 ball pythons (D:2)
  4 giant cockroaches
  8 goblins
  7 hobgoblins
  4 jackals
  A quokka (D:3)
  11 bats
  4 frilled lizards (D:1)
  6 kobolds
  6 rats
63 creatures vanquished.

Notes
Turn   | Place    | Note
-------+----------+-------------------------------------------
     0 | D:1      | Reached skill level 9 in Spellcasting
     0 | D:1      | galech the Gnoll Wanderer began the quest for the Orb.
     0 | D:1      | galech set off with: a +0 shield, a +0 robe, a +0 club, a ration
     0 | D:1      | Reached XP level 1. HP: 13/13 MP: 10/10
    44 | D:1      | Learned a level 1 spell: Flame Tongue
   137 | D:1      | Reached XP level 2. HP: 18/19 MP: 12/12
   433 | D:1      | Reached XP level 3. HP: 22/25 MP: 13/13
   927 | D:2      | Found a radiant altar of Vehumet.
  1036 | D:2      | Reached skill level 1 in Invocations
  1037 | D:2      | Found a white marble altar of Elyvilon.
  1037 | D:2      | Found a hide-covered altar of Uskayaw.
  1064 | D:2      | Found a glowing golden altar of the Shining One.
  1135 | D:2      | Reached skill level 1 in Fighting
  1135 | D:2      | Reached skill level 1 in Short Blades
  1135 | D:2      | Reached skill level 1 in Long Blades
  1135 | D:2      | Reached skill level 1 in Axes
  1135 | D:2      | Reached skill level 1 in Maces & Flails
  1135 | D:2      | Reached skill level 1 in Polearms
  1135 | D:2      | Reached skill level 1 in Staves
  1135 | D:2      | Reached skill level 1 in Slings
  1135 | D:2      | Reached skill level 1 in Bows
  1135 | D:2      | Reached skill level 1 in Crossbows
  1135 | D:2      | Reached skill level 1 in Throwing
  1135 | D:2      | Reached skill level 1 in Armour
  1135 | D:2      | Reached skill level 1 in Dodging
  1135 | D:2      | Reached skill level 1 in Stealth
  1135 | D:2      | Reached skill level 1 in Unarmed Combat
  1135 | D:2      | Reached XP level 4. HP: 31/32 MP: 13/15
  1297 | D:2      | Found an opulent altar of Gozag.
  1410 | D:2      | HP: 1/32 [poisoned by an adder]
  1680 | D:2      | Reached skill level 1 in Conjurations
  1680 | D:2      | Reached skill level 1 in Hexes
  1680 | D:2      | Reached skill level 1 in Charms
  1680 | D:2      | Reached skill level 1 in Summonings
  1680 | D:2      | Reached skill level 1 in Transmutations
  1680 | D:2      | Reached skill level 1 in Fire Magic
  1680 | D:2      | Reached skill level 1 in Ice Magic
  1680 | D:2      | Reached skill level 1 in Air Magic
  1680 | D:2      | Reached skill level 1 in Earth Magic
  2003 | D:3      | Reached XP level 5. HP: 20/37 MP: 14/16
  2361 | D:3      | Killed from afar by an orc priest

Vault maps used:
D:1:      matt_arrival_diagonals
D:2:      nicolae_gozag_cash_rules_everything_around_me, old_standard_altar,
          gammafunk_temple_overflow_elements, grunt_ministairs_2, tso_altar

Skill      XL: |  1  2  3  4 |
---------------+-------------+-----
Spellcasting   | |  9.3
Necromancy     | 2 |  2.3
Poison Magic   | 2 |  2.3
Invocations    | 1 |  1.5
Fighting       | 1 |  1.4
Short Blades   | 1 |  1.4
Long Blades    | 1 |  1.4
Axes           | 1 |  1.4
Maces & Flails | 1 |  1.4
Polearms       | 1 |  1.4
Staves         | 1 |  1.4
Slings         | 1 |  1.4
Bows           | 1 |  1.4
Crossbows      | 1 |  1.4
Throwing       | 1 |  1.4
Armour         | 1 |  1.4
Dodging        | 1 |  1.4
Stealth        | 1 |  1.4
Unarmed Combat | 1 |  1.4
Conjurations   | 1 |  1.1
Hexes          | 1 |  1.1
Charms         | 1 |  1.1
Summonings     | 1 |  1.1
Transmutations | 1 |  1.1
Fire Magic     | 1 |  1.1
Ice Magic      | 1 |  1.1
Air Magic      | 1 |  1.1
Earth Magic    | 1 |  1.1
Shields        | |  2.9
Translocations | |  3.9
Evocations     | |  2.9

Action                   |  1- 3 |  4- 6 || total
-------------------------+-------+-------++-------
Melee: Club              |    39 |       ||    39
       Bite              |     9 |    16 ||    25
       Mace              |   103 |   140 ||   243
 Cast: Flame Tongue      |     2 |     3 ||     5
  Use: Potion            |       |     2 ||     2
  Eat: Chunk             |     1 |     4 ||     5
Armor: Ring mail         |    67 |    58 ||   125
Dodge: Dodged            |    55 |    61 ||   116
Block: Shield            |    69 |    82 ||   151
       Buckler           |       |    10 ||    10

Table legend:
 A = Spawn XP
 B = Non-spawn XP
 C = Spawn XP percentage of total XP
 D = Spawn monster count
 E = Non-spawn monster count
 F = Spawn count percentage of total count
 G = Total turns spent on level
                    A         B        C        D         E        F      G
               +---------+---------+-------+---------+---------+-------+---------
         Total |       0 |     201 |   0.0 |       0 |      63 |   0.0 |  2361
               +---------+---------+-------+---------+---------+-------+---------
           D:1 |       0 |      54 |   0.0 |       0 |      29 |   0.0 |   921
           D:2 |       0 |      86 |   0.0 |       0 |      25 |   0.0 |  1012
           D:3 |       0 |      61 |   0.0 |       0 |       9 |   0.0 |   428
               +---------+---------+-------+---------+---------+-------+---------
